[Event "*** SCC Grand Prix: Titled Tuesday Blitz"]
[Site "Chess.com"]
[Date "2020.06.09"]
[Round "6"]
[White "Manukyan_Artak"]
[Black "Oneofmyturns"]
[Result "0-1"]
[WhiteElo "2309"]
[BlackElo "2575"]
[TimeControl "180+1"]
[EndTime "10:06:14 PDT"]
[Termination "Oneofmyturns won by resignation"]

1. e4 e5 2. Nf3 Nc6 3. d4 exd4 4. Nxd4 Nf6 5. Nxc6 bxc6 6. e5 Qe7 7. Qe2 Nd5 8.
c4 Ba6 9. b3 g6 10. g3 Bg7 11.
Bb2 O-O 12. Bg2 f6 13. e6 Rae8 14. O-O Nb6 15. Re1 c5 16. Nd2 dxe6 17. Ne4 f5 18. Bxg7 Kxg7 19. Qb2+ e5 20. Nc3 Bc8 21. a4 a5 22.
Rad1 Kg8 23. Nd5 Nxd5 24. Rxd5 e4 25. f4 Bb7 26. Re5 Qd6 27. Rxe8 Rxe8 28. Qc2 Qd4+ 29. Kh1 Rd8 30. h4 h5 31. Kh2 Qd2 32. Re2 Qxc2 33. Rxc2 Kf7 34. Kg1 Rd3 35. Kf2 Rxb3 36. Bf1 Bc6 37.
Be2 Bxa4 38. Ra2 Rb4 39. Ke3 Ke7 40. Kd2 Kd6 41. Ra3 Rb2+ 42. Ke3 Rb3+ 0-1

[Event "*** SCC Grand Prix: Titled Tuesday Blitz"]
[Site "Chess.com"]
[Date "2020.06.09"]
[Round "6"]
[White "Bathory44"]
[Black "VALPARAISO37"]
[Result "1-0"]
[WhiteElo "2593"]
[BlackElo "2400"]
[TimeControl "180+1"]
[EndTime "10:06:15 PDT"]
[Termination "Bathory44 won on time"]

1. e4 e5 2. Nf3 Nc6 3. Bb5 a6 4. Ba4 Nf6 5. O-O Bc5 6. d3 b5 7. Bb3 d6 8. a4 Bb7 9. Nc3 b4 10.
Nd5 Nxd5 11. Bxd5 h6 12. c3 bxc3 13. Qb3 Na5 14. Bxf7+ Kf8 15. Qa2 cxb2 16. Bxb2 Qf6 17. Bd5 Nc6 18. d4 exd4 19. Rab1 Nb4 20. Qb3 Bxd5 21. exd5 a5 22. Qc4 Qf7 23. Bxd4 Bxd4 24.
Nxd4 Kg8 25. Ne6 Rc8 26. Rb3 Kh7 27. Qe4+ Qg6 28. Ng5+ hxg5 29. Rh3+ Kg8 30. Qxg6 Rxh3 31.
Qe6+ 1-0

[Event "*** SCC Grand Prix: Titled Tuesday Blitz"]
[Site "Chess.com"]
[Date "2020.06.09"]
[Round "6"]
[White "MomchilPetkov"]
[Black "bascheyaro"]
[Result "0-1"]
[WhiteElo "2535"]
[BlackElo "2745"]
[TimeControl "180+1"]
[EndTime "10:06:18 PDT"]
[Termination "bascheyaro won by resignation"]

1. e4 e6 2. d4 d5 3. Nd2 c5 4. Ngf3 Nc6 5. exd5 exd5 6. Bb5 c4 7. O-O Bd6 8. b3 cxb3 9. axb3 Ne7 10. c3 O-O 11. Re1 Bf5 12. Nf1 a6 13. Bd3 Qd7 14. Ne3 Bg6 15. Ba3 Bxa3 16. Rxa3 Rfe8 17. Ra1 Qd6 18.
Bxg6 hxg6 19. c4 Rad8 20. c5 Qf6 21. Ng4 Qf4 22. Nge5 Qf5 23. Qd2 f6 24. Nd3 g5 25.
h3 Ng6 26. Kh2 Re4 27. Nb4 g4 28. hxg4 Rxg4 29. Nxc6 bxc6 30. Re3 Nf4 31. g3 Rg6 32.
Nh4 Qh3+ 33. Kg1 Qxh4 34. Rf3 Nh3+ 35. Kf1 Qe4 36. Qd3 Ng5 37. Qxe4 Nxe4 38. Kg2 Ra8 39. Ra5 Kf7 40. Re3 f5 41. f3 Rxg3+ 42. Kf1 f4 43. Rd3 Rh8 44. Rxa6 Rh1+ 45. Ke2 Rh2+ 0-1

[Event "*** SCC Grand Prix: Titled Tuesday Blitz"]
[Site "Chess.com"]
[Date "2020.06.09"]
[Round "6"]
[White "korbul"]
[Black "j_coca"]
[Result "1/2-1/2"]
[WhiteElo "2513"]
[BlackElo "2216"]
[TimeControl "180+1"]
[EndTime "10:06:18 PDT"]
[Termination "Game drawn by repetition"]

1. d4 g6 2. e4 Bg7 3. Nc3 d6 4. Bg5 Nc6 5. Nge2 f6 6. Be3 e5 7. f4 Nh6 8. h3 O-O 9. d5 Ne7 10. g4 Nf7 11. f5 gxf5 12. gxf5 Kh8 13. Qd2 Rg8 14. O-O-O c6 15. Ng3 cxd5 16. Nxd5 Nxd5 17. Qxd5 Qe7 18. Bc4 Rf8 19. Nh5 Bh6 20. Bxh6 Nxh6 21. Rhg1 Bd7 22. Rg7 Qe8 23. Qxd6 Qxh5 24. Qxd7 Nxf5 25.
Rgg1 Qh6+ 26. Kb1 Ne3 27. Qd2 Qf4 28. Qd7 Qh6 29. Qd2 Qf4 30. Qd7 Qh6 1/2-1/2

[Event "*** SCC Grand Prix: Titled Tuesday Blitz"]
[Site "Chess.com"]
[Date "2020.06.09"]
[Round "6"]
[White "Harry_Rakkel"]
[Black "fischercapa"]
[Result "1-0"]
[WhiteElo "2506"]
[BlackElo "2353"]
[TimeControl "180+1"]
[EndTime "10:06:19 PDT"]
[Termination "Harry_Rakkel won by resignation"]

1. e4 c5 2. Nf3 d6 3. d4 cxd4 4. Nxd4 Nf6 5. Nc3 a6 6. Be3 e6 7. Be2 Nc6 8. O-O Bd7 9. f4 Rc8 10. Kh1 Be7 11. Qe1 O-O 12. Qg3 b5 13. a3 Kh8 14.
Rad1 Qc7 15. Nf3 b4 16. axb4 Nxb4 17. Bd3 Nxd3 18. cxd3 Qb7 19. Rd2 Qb3 20. Ne2 Qa4 21. Ned4 Rb8 22. e5 Nd5 23. Bg1 dxe5 24. Nxe5 Be8 25.
f5 f6 26. Nxe6 Rg8 27. Ng6+ Bxg6 28. fxg6 h6 29. Rf5 Qd7 30. Re2 Rbe8 31. Rh5 Bf8 32. Nxf8 Rgxf8 33. Re4 f5 34. Reh4 Kg8 35. Rd4 f4 36.
Qf3 Qe6 37. Qxd5 Qxd5 38. Rhxd5 f3 39. gxf3 1-0

[Event "*** SCC Grand Prix: Titled Tuesday Blitz"]
[Site "Chess.com"]
[Date "2020.06.09"]
[Round "6"]
[White "HElissalt"]
[Black "m-garcett"]
[Result "0-1"]
[WhiteElo "2199"]
[BlackElo "2076"]
[TimeControl "180+1"]
[EndTime "10:06:19 PDT"]
[Termination "m-garcett won by resignation"]

1. c4 e5 2. Nc3 Nc6 3. g3 g6 4.
Bg2 Bg7 5. d3 d6 6. e4 f5 7.
Nge2 Nf6 8. exf5 Bxf5 9. h3 O-O 10. Be3 Re8 11. O-O Nb4 12. Ne4 Qd7 13. Kh2 Nxe4 14. dxe4 Be6 15. b3 Nc6 16. Qd2 a5 17. Rac1 Rf8 18.
f4 exf4 19. gxf4 Rae8 20. Ng3 b6 21. Rcd1 Ne7 22. c5 bxc5 23. Bxc5 a4 24. b4 h5 25. Bd4 Bh6 26. Be3 h4 27. Ne2 Nc6 28. a3 Bb3 29. Rc1 Ne7 30. Qe1 d5 31. Qxh4 Bg7 32. e5 Nf5 33. Qf2 Bh6 34. Bc5 Bc4 35. Bxf8 Rxf8 36. Nd4 Bxf1 37. Rxf1 Nxd4 38. Qxd4 c6 39. Qd3 Qf5 40. Qxf5 Rxf5 41. Rc1 Bxf4+ 42. Kh1 Bxc1 0-1

[Event "*** SCC Grand Prix: Titled Tuesday Blitz"]
[Site "Chess.com"]
[Date "2020.06.09"]
[Round "6"]
[White "ShahMatKanal"]
[Black "Matibar"]
[Result "0-1"]
[WhiteElo "2475"]
[BlackElo "2714"]
[TimeControl "180+1"]
[EndTime "10:06:20 PDT"]
[Termination "Matibar won on time"]

1. d4 f5 2. Nc3 Nf6 3. Bg5 d5 4. Bxf6 exf6 5. e3 c6 6. Bd3 Bd6 7. Qf3 g6 8. Nge2 Qe7 9. h3 Na6 10.
Bxa6 bxa6 11. Na4 Rb8 12. c3 a5 13. b3 Ba6 14. g4 Bd3 15. Ng3 f4 16. Kd2 fxg3 17. Kxd3 gxf2 18. Rhf1 O-O 19. Rxf2 f5 20. Raf1 Rbe8 21. Qe2 Qe4+ 22. Kd2 f4 23. Kc1 fxe3 24. Rxf8+ Rxf8 25. Rxf8+ Kxf8 26. Nb2 Ba3 27. c4 Bxb2+ 28. Kxb2 Qxd4+ 29. Kc2 Qe4+ 30. Kc3 d4+ 31. Kb2 d3 32. Qf1+ Kg7 33. Qc1 Qe5+ 34. Kb1 e2 0-1

[Event "*** SCC Grand Prix: Titled Tuesday Blitz"]
[Site "Chess.com"]
[Date "2020.06.09"]
[Round "6"]
[White "rynos0411"]
[Black "harlem4brew"]
[Result "0-1"]
[WhiteElo "2396"]
[BlackElo "2220"]
[TimeControl "180+1"]
[EndTime "10:06:20 PDT"]
[Termination "harlem4brew won on time"]

1. d4 Nf6 2. c4 e6 3. Nf3 Bb4+ 4. Nbd2 O-O 5. a3 Be7 6. e4 d5 7. cxd5 exd5 8. e5 Ne4 9. Bd3 Bf5 10. Qc2 c5 11.
Nxe4 dxe4 12. Bxe4 Bxe4 13. Qxe4 cxd4 14. Qxd4 Qe8 15. O-O Nc6 16. Qg4 Kh8 17. Be3 Bd8 18. Bf4 Qe6 19. Qg3 Qf5 20. Rad1 Bb6 21. Nh4 Qh5 22. Rd7 Nd8 23. Rfd1 Ne6 24. Nf3 Qf5 25. Bg5 Qc2 26. h3 Qxb2 27. Be7 Rfe8 28. R1d2 Qb1+ 29. Kh2 Qe4 30. Bd6 Kg8 31. Ne1 Qxe1 32. Rd3 Bxf2 0-1

[Event "*** SCC Grand Prix: Titled Tuesday Blitz"]
[Site "Chess.com"]
[Date "2020.06.09"]
[Round "6"]
[White "mishanick"]
[Black "Gabrielian_Artur"]
[Result "1-0"]
[WhiteElo "2944"]
[BlackElo "2743"]
[TimeControl "180+1"]
[EndTime "10:06:21 PDT"]
[Termination "mishanick won by resignation"]

1. d4 Nf6 2. c4 c5 3. d5 e6 4. Nc3 exd5 5. cxd5 d6 6. e4 g6 7. Nf3 Bg7 8. h3 O-O 9. Bd3 Nbd7 10. O-O Re8 11.
Bf4 c4 12. Bc2 Nc5 13. Re1 b5 14. Nxb5 Ncxe4 15. Nbd4 Bf5 16. Nxf5 gxf5 17. Ba4 Re7 18. Nd4 Qb6 19. Rf1 Nxd5 20. Nxf5 Nxf4 21. Nxe7+ Kf8 22. Nd5 Nxh3+ 23. gxh3 Qxb2 24. Rb1 Qe5 25. Bc6 Rd8 26. Qf3 Ng5 27. Qg3 Qf5 28. Rbe1 Nxh3+ 29. Kg2 Ng5 30. Qxd6+ 1-0

[Event "*** SCC Grand Prix: Titled Tuesday Blitz"]
[Site "Chess.com"]
[Date "2020.06.09"]
[Round "6"]
[White "pitterson"]
[Black "pavelalexandru07"]
[Result "1-0"]
[WhiteElo "2419"]
[BlackElo "2156"]
[TimeControl "180+1"]
[EndTime "10:06:21 PDT"]
[Termination "pitterson won by resignation"]

1. d4 Nf6 2. c4 c5 3. d5 e6 4.
Nc3 exd5 5. cxd5 d6 6. Nf3 g6 7.
g3 Bg7 8. Bg2 O-O 9. O-O Re8 10.
Nd2 a6 11. a4 Nbd7 12. Nc4 Nb6 13. Na3 Bd7 14. a5 Nc8 15. Nc4 Bb5 16. Qb3 Bxc4 17. Qxc4 b5 18. axb6 Nxb6 19. Qb3 Nfd7 20. Bf4 Ne5 21. Ra2 Nbd7 22. Rfa1 c4 23. Qb4 Nc5 24.
Bxe5 Bxe5 25. Qxc4 a5 26. b4 axb4 27. Rxa8 Qxa8 28.
Rxa8 Rxa8 29. Qxb4 Ra1+ 30. Bf1 Rc1 31. Ne4 Na6 32. Qb7 Ra1 33. Ng5 1-0

[Event "*** SCC Grand Prix: Titled Tuesday Blitz"]
[Site "Chess.com"]
[Date "2020.06.09"]
[Round "6"]
[White "savagemedusa"]
[Black "krasavetc"]
[Result "0-1"]
[WhiteElo "2023"]
[BlackElo "2218"]
[TimeControl "180+1"]
[EndTime "10:06:21 PDT"]
[Termination "krasavetc won by resignation"]

1. d4 e6 2. c4 d5 3. Nf3 Nf6 4. g3 dxc4 5. Bg2 c6 6. O-O Nbd7 7. Qc2 Nb6 8. e4 Be7 9. Nc3 O-O 10. Rd1 Qc7 11. Bf4 Qd8 12. Ng5 Nh5 13. Nh3 Nxf4 14. Nxf4 Qc7 15. Bf1 e5 16. dxe5 Qxe5 17. Nce2 Bg4 18.
Bg2 Bc5 19. h3 Be6 20. Qc3 Qg5 21. Nxe6 fxe6 22. Bf3 Rad8 23. h4 Qg6 24. Nd4 Rxd4 25. Rxd4 Bxd4 26. Qxd4 Rxf3 27. Qd8+ Rf8 28. Qc7 Qxe4 29.
Qxb7 Nd5 30. Qxc6 Qf5 31. Qc5 Qf3 32. Qxa7 Qe2 33. Qd4 Rb8 34. a4 Qxb2 35. Qxb2 Rxb2 36.
a5 c3 37. a6 c2 38. a7 Rb1+ 39. Rxb1 cxb1=Q+ 40. Kg2 Qe4+ 41. Kh2 Nf6 0-1

[Event "*** SCC Grand Prix: Titled Tuesday Blitz"]
[Site "Chess.com"]
[Date "2020.06.09"]
[Round "6"]
[White "LiemLe"]
[Black "platy3"]
[Result "1-0"]
[WhiteElo "2909"]
[BlackElo "2739"]
[TimeControl "180+1"]
[EndTime "10:06:22 PDT"]
[Termination "LiemLe won by checkmate"]

1. c4 Nf6 2. Nc3 e6 3. e4 d5 4.
cxd5 exd5 5. e5 Ne4 6. Nf3 Bf5 7. d3 Nxc3 8. bxc3 c5 9. d4 Qa5 10.
Bd2 Nc6 11. c4 Qd8 12. Qb3 Be4 13. Qxb7 Rc8 14. Ng5 Be7 15. Nxe4 dxe4 16. d5 Nxe5 17. Qb5+ Qd7 18. Rb1 Qxb5 19. Rxb5 Kd7 20. Bc3 Kd6 21. Ra5 Rb8 22. Kd2 Bf6 23. Be2 Nd7 24. Bxf6 Nxf6 25. Kc2 Rb7 26. Rb1 Rhb8 27. Rb3 Nd7 28. Ra6+ Ke5 29.
Kc3 g6 30. g3 Rxb3+ 31. axb3 Rb7 32. Rc6 Kf5 33. Bf1 Ke5 34. Bh3 Nf6 35. Rxc5 e3 36. f4+ Ke4 37. Bg2+ Kf5 38. d6+ Kg4 39. Rg5# 1-0

[Event "*** SCC Grand Prix: Titled Tuesday Blitz"]
[Site "Chess.com"]
[Date "2020.06.09"]
[Round "6"]
[White "sergiochess83"]
[Black "NewBornNow"]
[Result "1-0"]
[WhiteElo "2838"]
[BlackElo "2705"]
[TimeControl "180+1"]
[EndTime "10:06:22 PDT"]
[Termination "sergiochess83 won by resignation"]

1. e4 d6 2. d4 Nf6 3. Nc3 e5 4. Nf3 Nbd7 5. Bc4 Be7 6. a4 O-O 7. O-O c6 8. Re1 a5 9. Bf1 exd4 10. Nxd4 Nc5 11. b3 Re8 12. g3 Bf8 13. Bg2 Qb6 14. Bg5 Ng4 15. h3 Ne6 16. Nxe6 Qxf2+ 17. Kh1 Bxe6 18.
hxg4 Qxg3 19. Qf3 Qxg4 20. Qxg4 Bxg4 21. Bf4 Re6 22. Nd1 Rf6 23. Bg3 Re8 24. Ne3 Bf3 25.
Bxf3 Rxf3 26. Kg2 Rf6 27. Nc4 Ra8 28. Rad1 b5 29. Nxd6 bxa4 30. bxa4 Re6 31. Nc4 g6 32.
Rd7 Bb4 33. Re2 f5 34. Be5 fxe4 35. Rg7+ Kf8 36. Rxh7 Rae8 37. Rxe4 1-0

[Event "*** SCC Grand Prix: Titled Tuesday Blitz"]
[Site "Chess.com"]
[Date "2020.06.09"]
[Round "6"]
[White "SiddharthGMJagadeesh"]
[Black "Khvicha_Supatashvili"]
[Result "0-1"]
[WhiteElo "2445"]
[BlackElo "2728"]
[TimeControl "180+1"]
[EndTime "10:06:23 PDT"]
[Termination "Khvicha_Supatashvili won by resignation"]

1. d4 Nf6 2. Nf3 d5 3. c4 e6 4. Qc2 Be7 5. g3 O-O 6. Bg2 c6 7.
O-O Nbd7 8. b3 b5 9. Nbd2 bxc4 10. bxc4 Ba6 11. Qa4 Qc8 12. Qc2 Nb6 13. Ne5 Nfd7 14. c5 Nxe5 15. cxb6 Nd7 16. bxa7 Bxe2 17. Re1 Qa6 18. Nb3 Bd3 19. Qc3 Rxa7 20. Bf4 Qc4 21. Rec1 Ba3 22. Qxc4 dxc4 23. Nd2 Bxc1 24. Rxc1 Nb6 25.
Bd6 Rxa2 26. Bxf8 Kxf8 27. Ne4 Na4 28. h4 h6 29. Nc3 Nxc3 30. Rxc3 Ra6 31. Rc1 Ke7 32. Bf1 Kd6 33. Kg2 Ra3 34. Bxd3 cxd3 35. Rd1 Kd5 36. Kf3 Kxd4 0-1

[Event "*** SCC Grand Prix: Titled Tuesday Blitz"]
[Site "Chess.com"]
[Date "2020.06.09"]
[Round "6"]
[White "LiverpooL174"]
[Black "CrushingKings"]
[Result "1-0"]
[WhiteElo "2673"]
[BlackElo "2510"]
[TimeControl "180+1"]
[EndTime "10:06:23 PDT"]
[Termination "LiverpooL174 won on time"]

1. e4 g6 2. d4 Bg7 3. Nc3 c6 4.
Nf3 d5 5. e5 f6 6. Bf4 Bg4 7.
exf6 Nxf6 8. h3 Bxf3 9. Qxf3 O-O 10. Qe3 Nbd7 11. O-O-O Re8 12. g4 Qb6 13. Kb1 e5 14.
dxe5 Qxe3 15. Bxe3 Nxe5 16. Be2 b6 17. Rhe1 Re7 18. f4 Nf7 19. Bf3 Rae8 20. Bf2 Rxe1 21. Rxe1 Rxe1+ 22. Bxe1 d4 23. Ne4 Nd5 24. Bd2 Ne7 25.
a4 a5 26. b4 axb4 27. Bxb4 c5 28. Nxc5 bxc5 29. Bxc5 Nc8 30. a5 Nfd6 31. a6 Nb5 32. Bd5+ Kh8 33. Bc4 Nba7 34. Kc1 Bf6 35. Kd2 h6 36.
Kd3 Kg7 37. Bd5 Nb5 38. Kc4 Nc7 39. Bb7 Ne7 40. a7 Kf7 41. Bb6 1-0

[Event "*** SCC Grand Prix: Titled Tuesday Blitz"]
[Site "Chess.com"]
[Date "2020.06.09"]
[Round "6"]
[White "Future2700"]
[Black "Lion-Al-Messi"]
[Result "0-1"]
[WhiteElo "2394"]
[BlackElo "2402"]
[TimeControl "180+1"]
[EndTime "10:06:23 PDT"]
[Termination "Lion-Al-Messi won by resignation"]

1. e4 e6 2. d4 d5 3. Nd2 c5 4.
Ngf3 cxd4 5. Nxd4 Nc6 6. Nxc6 bxc6 7. Bd3 Bd6 8. Qe2 Ne7 9. c4 O-O 10. e5 Bc7 11. Nf3 Ng6 12. h4 Ba5+ 13. Kf1 f5 14. exf6 Qxf6 15. Bg5 Qf7 16. h5 Nf4 17. Bxf4 Qxf4 18.
Qe5 dxc4 19. Qxa5 cxd3 20. Rd1 Rb8 21. Rh4 Qf6 22. b3 Rb5 23. Qxa7 Rd5 24. Rd4 e5 25. Rc4 Bf5 26. Qe3 e4 27. Nd2 Bg4 28. Re1 Rxh5 29. Kg1 Qh4 30. f3 Bxf3 31. Nxf3 Rxf3 32.
Qxf3 Qxe1+ 33. Qf1 0-1

[Event "*** SCC Grand Prix: Titled Tuesday Blitz"]
[Site "Chess.com"]
[Date "2020.06.09"]
[Round "6"]
[White "YaWaleriy"]
[Black "PauloFanha"]
[Result "1-0"]
[WhiteElo "2215"]
[BlackElo "1993"]
[TimeControl "180+1"]
[EndTime "10:06:23 PDT"]
[Termination "YaWaleriy won on time"]

1. d4 d5 2. Nf3 e6 3. c4 c6 4. Qc2 Nf6 5. e3 Nbd7 6. Nc3 Bb4 7.
Bd3 dxc4 8. Bxc4 b5 9. Bb3 a5 10. a3 Be7 11. O-O O-O 12. e4 Ba6 13. Re1 c5 14. e5 Ne8 15. d5 exd5 16. Bxd5 Rc8 17. e6 fxe6 18. Bxe6+ Kh8 19. Rd1 Bd6 20. Ne4 Qe7 21.
Neg5 Nef6 22. Bxd7 Qxd7 23. Bf4 Rc6 24. Ne5 Qe8 25. Nef7+ Rxf7 26. Nxf7+ Qxf7 27. Rxd6 Rxd6 28. Bxd6 h6 29. Re1 Ng4 30. Qxc5 Qf6 31. h3 Nxf2 32.
Qxf2 Qxd6 33. Re8+ 1-0

[Event "*** SCC Grand Prix: Titled Tuesday Blitz"]
[Site "Chess.com"]
[Date "2020.06.09"]
[Round "6"]
[White "emiliocordova"]
[Black "giantslayer83"]
[Result "0-1"]
[WhiteElo "2841"]
[BlackElo "2737"]
[TimeControl "180+1"]
[EndTime "10:06:24 PDT"]
[Termination "giantslayer83 won by resignation"]

1. d4 Nf6 2. Nf3 e6 3. g3 b6 4.
Bg2 Bb7 5. O-O c5 6. c4 cxd4 7. Qxd4 Be7 8. Nc3 O-O 9. Rd1 d5 10. Qf4 Nbd7 11. cxd5 Nxd5 12. Nxd5 exd5 13. Nd4 Bf6 14.
b3 Re8 15. e3 Nc5 16. Bb2 Ne6 17. Qg4 Nc5 18. h4 Ne4 19. Rac1 Rc8 20. Bh3 g6 21. Qf4 Be5 22. Qf3 Rc5 23. b4 Rc4 24. a3 Qf6 25. Qxf6 Bxf6 26. Bf1 Rxc1 27. Rxc1 Nd2 28. Rc7 Re7 29.
Rc2 Bxd4 30. Bxd4 Nf3+ 31. Kg2 Ne1+ 0-1

[Event "*** SCC Grand Prix: Titled Tuesday Blitz"]
[Site "Chess.com"]
[Date "2020.06.09"]
[Round "6"]
[White "Love_craft"]
[Black "vitnik2020"]
[Result "1-0"]
[WhiteElo "2439"]
[BlackElo "2302"]
[TimeControl "180+1"]
[EndTime "10:06:24 PDT"]
[Termination "Love_craft won on time"]

1. Nf3 d5 2. g3 c6 3. Bg2 Bg4 4. O-O Nd7 5. d3 e6 6. Nbd2 Ngf6 7. b3 Be7 8. Bb2 O-O 9. e4 a5 10. a4 Nc5 11. e5 Nfd7 12. Qe2 Na6 13. h3 Bh5 14. g4 Bg6 15. Nh2 Nb4 16. Rac1 f6 17. exf6 Bxf6 18. Qxe6+ Kh8 19. Bxf6 Rxf6 20. Qe2 Qf8 21.
Ndf3 Re8 22. Qd2 Rfe6 23. Rce1 Qc5 24. Rxe6 Rxe6 25. Re1 Rxe1+ 26. Nxe1 h6 27. Nhf3 Kh7 28. Nh4 Bf7 29. d4 Qe7 30. Nf5 Qf6 31. c3 Na6 32.
Bf1 Bg6 33. Bd3 Nc7 34. Ng2 Ne6 35. Ngh4 Bxf5 36. Bxf5+ 1-0

[Event "*** SCC Grand Prix: Titled Tuesday Blitz"]
[Site "Chess.com"]
[Date "2020.06.09"]
[Round "6"]
[White "WinstonSilvakov"]
[Black "Borsuk_Konstantin"]
[Result "0-1"]
[WhiteElo "2118"]
[BlackElo "2569"]
[TimeControl "180+1"]
[EndTime "10:06:26 PDT"]
[Termination "Borsuk_Konstantin won by resignation"]

1. d4 Nf6 2. e3 e6 3. Bd3 c5 4. c3 b6 5. f4 Ba6 6. Nf3 Be7 7. O-O Bxd3 8. Qxd3 d5 9. Nbd2 O-O 10. b3 Nc6 11. Ne5 Rc8 12. Bb2 Qc7 13. Rf3 Ne8 14. Rh3 f5 15. g4 Nd6 16. g5 Nxe5 17. dxe5 Ne4 18. Nxe4 dxe4 19. Qc4 Qc6 20. Qe2 g6 21. Kh1 c4 22.
Rg3 Rfd8 23. Rgg1 Rd3 24. Rad1 Rcd8 25. h4 Qc5 26. Bc1 cxb3 27. axb3 Qxc3 28. h5 Qxb3 29. hxg6 Rxd1 0-1

[Event "*** SCC Grand Prix: Titled Tuesday Blitz"]
[Site "Chess.com"]
[Date "2020.06.09"]
[Round "6"]
[White "awesomevishesh"]
[Black "TheBigBadChessDad"]
[Result "0-1"]
[WhiteElo "2406"]
[BlackElo "2265"]
[TimeControl "180+1"]
[EndTime "10:06:26 PDT"]
[Termination "TheBigBadChessDad won on time"]

1. e4 e5 2. Nf3 Nf6 3. Nxe5 d6 4. Nf3 Nxe4 5. d4 d5 6. c4 c6 7. Bd3 Bb4+ 8. Nbd2 Nxd2 9. Bxd2 Qe7+ 10. Kf1 O-O 11. Ng5 h6 12. Bxb4 Qxb4 13. Qh5 Nd7 14. Nf3 Nf6 15.
Qh4 dxc4 16. Be2 Qxb2 17. Re1 c3 18. Ne5 Bf5 19. Qf4 Bh7 20. h4 c2 21. g4 Nd5 22.
Qd2 Qc3 23. Qxc3 Nxc3 24. Rc1 Nxa2 0-1

[Event "*** SCC Grand Prix: Titled Tuesday Blitz"]
[Site "Chess.com"]
[Date "2020.06.09"]
[Round "6"]
[White "Too_Stupid_To_Play"]
[Black "reniite"]
[Result "0-1"]
[WhiteElo "2253"]
[BlackElo "1837"]
[TimeControl "180+1"]
[EndTime "10:06:26 PDT"]
[Termination "reniite won on time"]

1. Nf3 Nf6 2. c4 e6 3. b3 d6 4. Bb2 Be7 5. g3 O-O 6. Bg2 c5 7. O-O Nc6 8. d4 cxd4 9. Nxd4 Bd7 10. Nc3 a6 11. Rc1 Rc8 12. e4 Re8 13. Re1 Qb6 14.
Na4 Qa5 15. Bc3 Qc7 16. Nb2 Nxd4 17. Qxd4 b5 18. Bb4 Qb8 19. Red1 bxc4 20. Rxc4 Rxc4 21. Qxc4 Bb5 22. Qd4 Rd8 23. Ba5 Rc8 24. Bb4 Be2 25. Re1 Rc2 26. Bc3 Qc7 27. Nc4 Bxc4 28. bxc4 Rxa2 29. g4 Qc5 30. g5 Qxd4 31. Bxd4 Nd7 32. h4 Nc5 33. Rb1 f6 34. gxf6 gxf6 35. Rb6 Kf7 36.
Bh3 Nxe4 0-1

[Event "*** SCC Grand Prix: Titled Tuesday Blitz"]
[Site "Chess.com"]
[Date "2020.06.09"]
[Round "6"]
[White "Nyzhnyk_Illia"]
[Black "Biranidun"]
[Result "1-0"]
[WhiteElo "2896"]
[BlackElo "2728"]
[TimeControl "180+1"]
[EndTime "10:06:27 PDT"]
[Termination "Nyzhnyk_Illia won by resignation"]

1. d4 Nf6 2. Nf3 g6 3. g3 Bg7 4.
Bg2 O-O 5. O-O d6 6. c4 Nbd7 7. Nc3 e5 8. e3 Re8 9. b3 e4 10. Nd2 c6 11. Ndxe4 Nxe4 12. Nxe4 Nf6 13. Nxf6+ Bxf6 14. e4 c5 15. Bb2 cxd4 16. Bxd4 Qe7 17. Bxf6 Qxf6 18. Qd2 Bd7 19. Rad1 Bc6 20. Qxd6 Qxd6 21.
Rxd6 Bxe4 22. Rfd1 Bxg2 23. Kxg2 Re7 24. Rd7 Rae8 25.
Kf3 Kg7 26. R1d6 h5 27. h4 Kf8 28. a4 a6 29. Rxe7 Rxe7 30. Rd8+ Kg7 31. a5 Kf6 32. b4 Ke5 33. Rd5+ Ke6 34. Ke4 Rc7 35. Kd4 Kf6 36.
f3 Ke6 37. g4 hxg4 38. fxg4 Kf6 39. c5 Ke6 40. Rd6+ Ke7 41. h5 gxh5 42. gxh5 Rc8 43.
Ke5 Rg8 44. Rb6 Rg5+ 45. Kf4 Rxh5 46. Rxb7+ Ke6 47. Rb6+ Kd5 48. c6 Kd6 49. Ke4 Rh4+ 50. Kf5 Kc7 51. Ke5 Rc4 52. Kd5 Rf4 53. Rb7+ Kc8 54. Kc5 Rf5+ 55. Kb6 Rf6 56. b5 axb5 57. a6 Rf1 58. a7 1-0

[Event "*** SCC Grand Prix: Titled Tuesday Blitz"]
[Site "Chess.com"]
[Date "2020.06.09"]
[Round "6"]
[White "PotapovaM"]
[Black "Pintacara"]
[Result "0-1"]
[WhiteElo "2438"]
[BlackElo "2342"]
[TimeControl "180+1"]
[EndTime "10:06:28 PDT"]
[Termination "Pintacara won on time"]

1. d4 Nf6 2. c4 e6 3. Nf3 d5 4.
Nc3 c6 5. Bg5 dxc4 6. e4 b5 7.
e5 h6 8. Bh4 g5 9. Nxg5 hxg5 10.
Bxg5 Nbd7 11. exf6 Bh6 12. Bxh6 Rxh6 13. Qd2 Qxf6 14.
Ne4 Qg7 15. O-O-O a5 16. Re1 Nf6 17. Nc5 Nd5 18. g3 a4 19. Bg2 a3 20. Bxd5 cxd5 21.
bxa3 Rxa3 22. Qb2 b4 23. Qxb4 Rxa2 24. Qb8 Qxd4 25. Qxc8+ Ke7 26. Qd7+ Kf8 27. Nxe6+ Rxe6 28. Qd8+ Kg7 0-1

[Event "*** SCC Grand Prix: Titled Tuesday Blitz"]
[Site "Chess.com"]
[Date "2020.06.09"]
[Round "6"]
[White "witcher8"]
[Black "aNaartjieZA"]
[Result "0-1"]
[WhiteElo "2413"]
[BlackElo "2583"]
[TimeControl "180+1"]
[EndTime "10:06:29 PDT"]
[Termination "aNaartjieZA won on time"]

1. e4 e6 2. d4 d5 3. Nc3 Bb4 4. e5 c5 5. a3 Bxc3+ 6. bxc3 Ne7 7. Qg4 Qc7 8. Qxg7 Rg8 9. Qxh7 cxd4 10. Ne2 Nbc6 11. f4 dxc3 12. Qd3 d4 13. h4 Bd7 14. h5 O-O-O 15. h6 Kb8 16. h7 Rh8 17. g4 Ng6 18. Bg2 Bc8 19. Qe4 Qe7 20. Rb1 Kc7 21. Rh3 Qc5 22.
a4 a6 23. Rb3 Qa5 24. Ba3 Qxa4 25. Bd6+ Kd7 26. f5 Nge7 27. Nxc3 Qa1+ 28. Rb1 Qa5 29. Kf1 dxc3 30. Rd3 Ke8 31. fxe6 Bxe6 32. Kg1 Qa2 33. Rxb7 Qxc2 34. Rc7 Qc1+ 35. Kh2 c2 0-1

[Event "*** SCC Grand Prix: Titled Tuesday Blitz"]
[Site "Chess.com"]
[Date "2020.06.09"]
[Round "6"]
[White "Aradej"]
[Black "Lovinski"]
[Result "1-0"]
[WhiteElo "2489"]
[BlackElo "2352"]
[TimeControl "180+1"]
[EndTime "10:06:30 PDT"]
[Termination "Aradej won by resignation"]

1. d4 d5 2. Nf3 e6 3. e3 Nf6 4. Bd3 Be7 5. O-O O-O 6. Nbd2 b6 7. Qe2 a5 8. e4 Ba6 9. e5 Nfd7 10. Bxa6 Nxa6 11.
c3 c5 12. Re1 cxd4 13. Nxd4 Nac5 14. N2f3 Rc8 15. Nb5 Ne4 16. Be3 Bc5 17. Bd4 Bxd4 18.
Nfxd4 Qg5 19. f3 Nec5 20. Rad1 Qf4 21. g3 Qh6 22. Kg2 Nb8 23. Nd6 Rc7 24. f4 Nc6 25.
N4b5 Rd7 26. h4 f6 27. exf6 Qxf6 28. c4 d4 29. Ne4 Qf5 30. Nxc5 bxc5 31. Qxe6+ Qxe6 32.
Rxe6 Ne7 33. Rde1 Ng6 34. h5 Nxf4+ 35. gxf4 Rxf4 36. Re8+ Kf7 37. R8e5 Rg4+ 38. Kh3 Rf4 39. Kg3 Rf6 40. Rxc5 Rb7 41. Rd5 a4 1-0

[Event "*** SCC Grand Prix: Titled Tuesday Blitz"]
[Site "Chess.com"]
[Date "2020.06.09"]
[Round "6"]
[White "GrigorGrigorov"]
[Black "GOGIEFF"]
[Result "0-1"]
[WhiteElo "2734"]
[BlackElo "2905"]
[TimeControl "180+1"]
[EndTime "10:06:31 PDT"]
[Termination "GOGIEFF won by resignation"]

1. Nf3 Nf6 2. c4 e6 3. g3 d5 4.
Bg2 d4 5. O-O c5 6. d3 Nc6 7. e3 Bd6 8. exd4 cxd4 9. Bg5 h6 10.
Bxf6 Qxf6 11. Na3 O-O 12. Nc2 a5 13. Nd2 Bc7 14. b3 e5 15. a3 Qg6 16. Ne4 f5 17. Nc5 b6 18. Bd5+ Kh8 19. Ne6 Bxe6 20. Bxc6 Rad8 21.
Qf3 e4 22. dxe4 fxe4 23. Bxe4 Rxf3 24. Bxg6 Rxb3 25. Rfd1 d3 26. Ne3 Be5 27. Ra2 Bd4 28.
Nd5 b5 29. Nf4 Bxc4 30. Bxd3 Bc5 31. Rad2 Bxd3 32. Nxd3 Bxa3 33. Ne5 Rxd2 34. Rxd2 a4 35. Rd8+ Kh7 36. Rd7 Bb2 37. Nc6 a3 38. Ra7 Rc3 39.
Nb4 Rc4 40. Nd5 b4 41. Ra4 Rc1+ 42. Kg2 b3 0-1